[ AOE2 MATCH · #489848470 ]
UnrankedSpanish vs Hindustanis
Player's team · WIN
[ REPLAY ANALYSIS · EXTRACTED FROM THE RECORDED GAME ]
Feudal
14:27
Castle
18:18
Imperial
—
| APM avg | 43.1 |
| APM peak | 87 |
| eAPM avg | 13.2 |
| Villagers / military | 47 / 12 |
Focus
⚔️ 39.6% · 🌾 60.4%
Conquistador ×6 · Militia ×4 · Scorpion ×2
Feudal
8:52
Castle
22:10
Imperial
—
| APM avg | 43.1 |
| APM peak | 80 |
| eAPM avg | 18.3 |
| Villagers / military | 59 / 12 |
Focus
⚔️ 17.1% · 🌾 82.9%
Skirmisher ×9 · Scout Cavalry ×2 · Archer ×1
Match map
Initial resources + every placement click. Lines = walls · curves = elevation contours. ◆ gold · ⬟ stone · ● berries · ✦ relic · ◌ wall gap
Your base· ✓ Closed at 18:18 · 75t walls · 1 gate(s)
[Argus] Grigor Grinta's base· ✓ Closed at 22:10 · 30t walls · no gate
Smoothed initial terrain · ◌ = detected wall gap · hover for details
Inputs per minute
— DS_Gitano Urbano - - [Argus] Grigor Grinta
Build order — DS_Gitano Urbano
112 actions detected in the replay
| 0:01 | Create | Villager (Male) ×4 |
| 0:02 | Build | House |
| 0:04 | Build | House |
| 1:16 | Build | Lumber Camp |
| 1:36 | Create | Villager (Male) |
| 1:58 | Research | Loom |
| 2:16 | Create | Villager (Male) |
| 2:41 | Create | Villager (Male) |
| 3:01 | Create | Villager (Male) |
| 3:12 | Create | Villager (Male) |
| 3:30 | Build | House |
| 4:07 | Create | Villager (Male) |
| 4:16 | Create | Villager (Male) |
| 4:26 | Create | Villager (Male) |
| 5:10 | Create | Villager (Male) |
| 5:32 | Build | House |
| 5:37 | Create | Villager (Male) |
| 5:41 | Create | Villager (Male) |
| 6:06 | Build | Barracks |
| 6:12 | Create | Villager (Male) |
| 6:41 | Create | Villager (Male) |
| 6:54 | Build | Palisade Wall |
| 6:55 | Build | Palisade Wall |
| 6:58 | Build | Palisade Wall |
| 7:01 | Create | Militia |
| 7:01 | Create | Militia |
| 7:02 | Create | Militia |
| 7:03 | Create | Militia |
| 7:16 | Create | Villager (Male) |
| 7:33 | Build | House |
| 7:48 | Build | Palisade Wall |
| 8:05 | Build | Palisade Wall |
| 8:08 | Build | Palisade Wall |
| 8:12 | Build | Palisade Wall |
| 8:16 | Create | Villager (Male) |
| 8:18 | Create | Villager (Male) |
| 8:32 | Create | Villager (Male) |
| 8:45 | Build | Mill |
| 8:47 | Create | Villager (Male) |
| 9:22 | Build | House |
| 9:23 | Build | Palisade Wall |
| 9:25 | Create | Villager (Male) |
| 10:13 | Create | Villager (Male) |
| 11:00 | Create | Villager (Male) |
| 11:00 | Create | Villager (Male) |
| 11:04 | Build | Mining Camp |
| 11:12 | Build | Farm |
| 11:36 | Build | House |
| 11:52 | Create | Villager (Male) |
| 11:59 | Build | Farm |
| 11:59 | Build | Farm |
| 12:00 | Build | Farm |
| 12:00 | Build | Farm |
| 12:00 | Build | Farm |
| 12:01 | Build | Farm |
| 12:02 | Build | Farm |
| 12:15 | Research | Feudal Age |
| 13:02 | Build | Farm |
| 13:02 | Build | Farm |
| 13:05 | Build | Farm |
| 14:06 | Create | Villager (Male) |
| 14:07 | Create | Villager (Male) |
| 14:27 | Age | Feudal Age |
| 14:30 | Build | Market |
| 14:33 | Build | Blacksmith |
| 15:38 | Research | Castle Age |
| 16:26 | Build | House |
| 16:29 | Research | Double-Bit Axe |
| 16:41 | Research | Horse Collar |
| 16:45 | Research | Gold Mining |
| 17:57 | Build | Mining Camp |
| 18:01 | Build | Palisade Gate |
| 18:08 | Research | Fletching |
| 18:10 | Create | Villager (Male) |
| 18:11 | Create | Villager (Male) |
| 18:13 | Research | Town Watch |
| 18:18 | Age | Castle Age |
| 18:25 | Create | Villager (Male) |
| 18:31 | Research | Bow Saw |
| 18:58 | Create | Villager (Male) |
| 19:06 | Build | Castle |
| 19:13 | Create | Villager (Male) |
| 19:20 | Build | Farm |
| 19:24 | Build | Farm |
| 19:39 | Create | Villager (Male) |
| 20:02 | Build | Mining Camp |
| 20:07 | Create | Conquistador |
| 20:07 | Create | Conquistador |
| 20:16 | Create | Villager (Male) |
| 20:25 | Create | Villager (Male) |
| 20:39 | Create | Conquistador |
| 20:54 | Create | Villager (Male) |
| 20:57 | Build | Farm |
| 21:00 | Build | Lumber Camp |
| 21:16 | Create | Conquistador |
| 21:26 | Create | Villager (Male) |
| 21:29 | Build | Farm |
| 21:40 | Create | Villager (Male) |
| 22:00 | Create | Villager (Male) |
| 22:05 | Create | Villager (Male) |
| 22:26 | Create | Villager (Male) |
| 22:38 | Create | Villager (Male) |
| 22:40 | Create | Conquistador |
| 23:17 | Build | Siege Workshop |
| 23:20 | Create | Conquistador |
| 23:42 | Create | Villager (Male) |
| 23:57 | Build | Castle |
| 24:04 | Create | Scorpion |
| 24:06 | Research | Wheelbarrow |
| 24:17 | Create | Villager (Male) |
| 24:31 | Create | Villager (Male) |
| 24:38 | Create | Scorpion |
Build order — [Argus] Grigor Grinta
142 actions detected in the replay
| 0:00 | Create | Villager (Male) |
| 0:00 | Create | Villager (Male) |
| 0:01 | Create | Villager (Male) |
| 0:01 | Create | Villager (Male) |
| 0:01 | Create | Villager (Male) |
| 0:02 | Build | House |
| 0:04 | Build | House |
| 1:22 | Create | Villager (Male) |
| 1:22 | Create | Villager (Male) |
| 1:28 | Create | Villager (Male) |
| 1:28 | Create | Villager (Male) |
| 1:51 | Build | Lumber Camp |
| 2:01 | Create | Villager (Male) |
| 2:14 | Create | Villager (Male) |
| 2:14 | Create | Villager (Male) |
| 2:36 | Build | House |
| 2:50 | Create | Villager (Male) |
| 2:50 | Create | Villager (Male) |
| 3:38 | Create | Villager (Male) |
| 3:39 | Create | Villager (Male) |
| 4:12 | Create | Villager (Male) |
| 4:12 | Create | Villager (Male) |
| 4:41 | Build | Mill |
| 4:56 | Create | Villager (Male) |
| 4:56 | Create | Villager (Male) |
| 4:57 | Create | Villager (Male) |
| 5:25 | Research | Loom |
| 5:31 | Create | Villager (Male) |
| 6:08 | Research | Loom |
| 6:38 | Research | Feudal Age |
| 6:43 | Build | House |
| 7:36 | Build | Barracks |
| 8:06 | Create | Villager (Male) |
| 8:06 | Create | Villager (Male) |
| 8:52 | Age | Feudal Age |
| 8:54 | Build | Stable |
| 8:56 | Build | House |
| 9:22 | Build | House |
| 9:24 | Build | Palisade Wall |
| 9:28 | Research | Double-Bit Axe |
| 9:29 | Research | Double-Bit Axe |
| 10:06 | Create | Scout Cavalry |
| 10:06 | Create | Scout Cavalry |
| 10:07 | Create | Villager (Male) |
| 10:07 | Create | Villager (Male) |
| 10:07 | Create | Villager (Male) |
| 10:08 | Build | Farm |
| 10:25 | Build | House |
| 10:31 | Build | Farm |
| 10:33 | Build | Farm |
| 10:34 | Build | Farm |
| 11:04 | Build | House |
| 11:06 | Build | Palisade Wall |
| 11:20 | Build | Palisade Wall |
| 11:23 | Build | Farm |
| 11:25 | Build | Farm |
| 11:29 | Build | Farm |
| 11:30 | Create | Villager (Male) |
| 11:31 | Create | Villager (Male) |
| 11:31 | Create | Villager (Male) |
| 11:40 | Build | House |
| 11:49 | Create | Villager (Male) |
| 11:49 | Create | Villager (Male) |
| 11:57 | Build | House |
| 12:02 | Build | House |
| 12:05 | Build | Palisade Wall |
| 12:34 | Build | Palisade Wall |
| 12:35 | Build | Palisade Wall |
| 12:37 | Build | Palisade Wall |
| 12:42 | Build | Palisade Wall |
| 12:49 | Create | Villager (Male) |
| 12:49 | Create | Villager (Male) |
| 12:50 | Create | Villager (Male) |
| 12:50 | Create | Villager (Male) |
| 12:52 | Build | Farm |
| 12:53 | Build | Farm |
| 12:54 | Build | Farm |
| 12:55 | Create | Villager (Male) |
| 12:55 | Create | Villager (Male) |
| 13:11 | Create | Villager (Male) |
| 13:11 | Create | Villager (Male) |
| 13:16 | Build | Farm |
| 13:17 | Build | Farm |
| 13:18 | Create | Villager (Male) |
| 13:47 | Build | Lumber Camp |
| 13:57 | Build | Farm |
| 14:03 | Create | Villager (Male) |
| 14:49 | Build | Archery Range |
| 14:59 | Build | House |
| 15:01 | Build | House |
| 15:05 | Build | Archery Range |
| 15:13 | Build | Palisade Wall |
| 15:17 | Build | Palisade Wall |
| 15:23 | Create | Villager (Male) |
| 15:23 | Create | Villager (Male) |
| 15:26 | Build | Farm |
| 15:39 | Build | House |
| 15:55 | Create | Archer |
| 16:01 | Create | Villager (Male) |
| 16:01 | Create | Villager (Male) |
| 16:01 | Create | Villager (Male) |
| 16:05 | Build | House |
| 16:36 | Research | Wheelbarrow |
| 16:51 | Build | Mining Camp |
| 16:53 | Build | Farm |
| 17:15 | Build | Farm |
| 17:39 | Build | Blacksmith |
| 17:41 | Build | House |
| 17:42 | Build | House |
| 17:45 | Build | Palisade Wall |
| 18:02 | Build | Farm |
| 18:05 | Create | Villager (Male) |
| 18:06 | Create | Villager (Male) |
| 18:35 | Create | Skirmisher ×4 |
| 19:06 | Create | Villager (Male) |
| 19:25 | Research | Castle Age |
| 19:35 | Create | Skirmisher ×5 |
| 19:54 | Research | Fletching |
| 19:54 | Research | Padded Archer Armor |
| 20:48 | Build | Mining Camp |
| 20:54 | Create | Villager (Male) |
| 20:54 | Create | Villager (Male) |
| 21:05 | Build | Farm |
| 21:06 | Build | Farm |
| 21:07 | Build | Farm |
| 21:08 | Create | Villager (Male) |
| 21:08 | Create | Villager (Male) |
| 21:08 | Create | Villager (Male) |
| 21:33 | Build | Lumber Camp |
| 22:10 | Age | Castle Age |
| 22:43 | Research | Bodkin Arrow |
| 22:49 | Create | Villager (Male) |
| 22:49 | Create | Villager (Male) |
| 22:49 | Create | Villager (Male) |
| 22:56 | Build | Farm |
| 22:57 | Build | Farm |
| 22:57 | Build | Farm |
| 23:14 | Build | Farm |
| 23:17 | Create | Villager (Male) |
| 23:24 | Build | Town Center |
| 23:30 | Research | Bow Saw |
| 23:30 | Research | Bow Saw |
Match timeline
| 6:06 | DS_Gitano Urbano · first_building Barracks |
| 6:54 | DS_Gitano Urbano · wall_segment Palisade Wall x5 |
| 6:55 | DS_Gitano Urbano · wall_segment Palisade Wall x3 |
| 6:58 | DS_Gitano Urbano · wall_segment Palisade Wall x11 |
| 7:36 | [Argus] Grigor Grinta · first_building Barracks |
| 7:48 | DS_Gitano Urbano · wall_segment Palisade Wall x15 |
| 8:05 | DS_Gitano Urbano · wall_segment Palisade Wall x9 |
| 8:08 | DS_Gitano Urbano · wall_segment Palisade Wall x20 |
| 8:12 | DS_Gitano Urbano · wall_segment Palisade Wall x12 |
| 8:52 | [Argus] Grigor Grinta · age_up feudal |
| 8:54 | [Argus] Grigor Grinta · first_building Stable |
| 9:23 | DS_Gitano Urbano · wall_segment Palisade Wall x1 |
| 9:24 | [Argus] Grigor Grinta · wall_segment Palisade Wall x8 |
| 11:06 | [Argus] Grigor Grinta · wall_segment Palisade Wall x2 |
| 11:20 | [Argus] Grigor Grinta · wall_segment Palisade Wall x1 |
| 12:05 | [Argus] Grigor Grinta · wall_segment Palisade Wall x7 |
| 12:34 | [Argus] Grigor Grinta · wall_segment Palisade Wall x1 |
| 12:35 | [Argus] Grigor Grinta · wall_segment Palisade Wall x1 |
| 12:37 | [Argus] Grigor Grinta · wall_segment Palisade Wall x1 |
| 12:42 | [Argus] Grigor Grinta · wall_segment Palisade Wall x1 |
| 14:27 | DS_Gitano Urbano · age_up feudal |
| 14:49 | [Argus] Grigor Grinta · first_building Archery Range |
| 15:13 | [Argus] Grigor Grinta · wall_segment Palisade Wall x1 |
| 15:17 | [Argus] Grigor Grinta · wall_segment Palisade Wall x1 |
| 15:24 | DS_Gitano Urbano · first_market_sell 100 stone |
| 15:28 | DS_Gitano Urbano · first_market_buy 100 food |
| 17:45 | [Argus] Grigor Grinta · wall_segment Palisade Wall x6 |
| 18:18 | DS_Gitano Urbano · age_up castle |
| 19:06 | DS_Gitano Urbano · first_building Castle |
| 22:10 | [Argus] Grigor Grinta · age_up castle |
| 23:17 | DS_Gitano Urbano · first_building Siege Workshop |
| 24:42 | [Argus] Grigor Grinta · resign |
[ AI ANALYSIS · 1 CREDIT ]
What really happened in this match?
Wolo.gg analyzes every decision: build order, eco, micro, common mistakes by bracket. Personalized analysis on WhatsApp or Discord in 30 seconds.
Civ guide
Spanish
Perfil
Jugador #352739